 Seeded DCSS version 0.30-a0-883-g5ad918d77d (webtiles) character file.

Game seed: 15748772131455733785 (custom seed)

754 Parcival the Chopper (level 7, 61/61 HPs)
             Began as a Minotaur Fighter on Mar 17, 2023.
             Quit the game on level 5 of the Dungeon.
             The game lasted 00:06:49 (4291 turns).

Parcival the Chopper (Minotaur Fighter)             Turns: 4291, Time: 00:06:49

Health: 61/61      AC: 12    Str: 29    XL:     7   Next: 49%
Magic:  6/6        EV:  6    Int:  5    God:
Gold:   229        SH:  9    Dex:  9    Spells: 6/6 levels left

rFire   . . .      SeeInvis .    j - +0 broad axe
rCold   . . .      Faith    .    y - +1 kite shield
rNeg    . . .      Spirit   .    e - +0 plate armour
rPois   .          Reflect  .    (helmet restricted)
rElec   .          Rampage  .    (no cloak)
rCorr   .                        (no gloves)
Will    +....                    (no boots) Stlth
                                 (no amulet)
HPRegen 0.30/turn                g - +6 ring of strength
MPRegen 0.10/turn                n - ring of willpower

@: no status effects
A: horns 2, retaliatory headbutt
a: no special abilities


You were on level 5 of the Dungeon.
You visited 2 branches of the dungeon, and saw 6 of its levels.

You collected 229 gold pieces.

Inventory:

Hand Weapons
 a - a +0 trident
 j - a +0 broad axe (weapon)
Armour
 b - a +0 scale mail
 c - a +0 buckler
 e - a +0 plate armour (worn)
 y - a +1 kite shield (worn)
Jewellery
 g - a +6 ring of strength (left hand)
 m - a ring of poison resistance
 n - a ring of willpower (right hand)
Wands
 d - a wand of acid (9)
 l - a wand of polymorph (9)
 w - a wand of flame (16)
Scrolls
 h - a scroll of fog
 p - a scroll of blinking
 q - a scroll of teleportation {unknown}
Potions
 f - a potion of heal wounds {unknown}
 i - 2 potions of mutation
 k - 3 potions of brilliance {unknown}
 o - a potion of lignification {unknown}
 x - 2 potions of ambrosia {unknown}
 z - 2 potions of might


   Skills:
 + Level 5.1 Fighting
 + Level 6.6(7.0) Axes
 + Level 3.0(5.2) Polearms
 + Level 6.0 Armour
 + Level 0.2 Dodging
 + Level 0.2 Stealth
 + Level 5.0 Shields


You had 6 spell levels left.
You didn't know any spells.
Your spell library contained the following spells:

 Spells                   Type           Power      Damage    Failure   Level
 Magic Dart               Conj           0%         1d3       100%        1
 Slow                     Hex            0%         N/A       100%        1
 Call Imp                 Summ           0%         N/A       100%        2
 Confusing Touch          Hex            0%         N/A       100%        3
 Ignite Poison            Fire/Tmut/Pois 0%         N/A       100%        3
 Kindle Blastsparks       Fire/Tloc/Air  0%         2d10      100%        3
 Mephitic Cloud           Conj/Pois/Air  0%         N/A       100%        3
 Vampiric Draining        Necr           0%         2d6       100%        3
 Freezing Cloud           Conj/Ice/Air   0%         6-21      100%        5


Dungeon Overview and Level Annotations

Branches:
Dungeon (5/15)             Temple (1/1) D:4

Altars:
Ashenzari
Elyvilon
Gozag
Hepliaklqana
Nemelex Xobeh
Trog
Uskayaw
Yredelemnul
Zin


Innate Abilities, Weirdness & Mutations

You have a pair of horns on your head.
You reflexively headbutt those who attack you in melee.


Message History

Key pressed, stopping explore.
Key pressed, stopping explore.
Done exploring.
Okay, then.
Done exploring.
Done exploring.
Done exploring.
Done exploring.
Done exploring.
Okay, then.
n - a ring of willpower (right hand)
You enter the shallow water.
Moving in this stuff is going to be slow.
There is a staircase back to the Dungeon here.
You can't go down here!
Unknown command.
You climb upwards.
Welcome back to the Dungeon!
There is a staircase to the Ecumenical Temple here.
There is an escape hatch in the floor here.
You slide downwards.
The hatch slams shut behind you.
Found a scroll labelled RYDUFU WAITH.
Found a broken altar of Ashenzari.
You hit the ice beast. Your headbutt misses the ice beast.
The ice beast is lightly wounded.
The ice beast hits you but does no damage.
You closely miss the ice beast.
You headbutt the ice beast, but do no damage.
The ice beast is lightly wounded.
The ice beast hits you. The ice beast freezes you!
The ice beast hits you but does no damage.
You slash the ice beast! You headbutt the ice beast!
The ice beast is severely wounded.
The ice beast hits you. The ice beast freezes you.
You slice the ice beast!!
You kill the ice beast!
Your Armour skill increases to level 6!
Your Shields skill increases to level 5!
HP restored.
Found a sling and a leather armour.
q - a scroll labelled RYDUFU WAITH Are you sure you want to abandon this character and quit the game? (Confirm with "yes".)

.......
.......
..[....
....)..
.......
.......##
/.......#
#@# #.#
###.###.#
+.._###.#
###.###.#
#.# #.#
... ...


There were no monsters in sight!

Vanquished Creatures
  The ghost of lunkers the Firebug, an amateur MeFE (D:3)
  An ice beast (D:5)
  2 phantoms (D:4)
  A hound (D:4)
  Ijyb (D:3)
  Natasha (thrice) (D:3)
  An orc wizard (D:4)
  4 adders
  3 gnolls (D:2)
  2 worms (D:2)
  3 dart slugs (D:3)
  2 orcs (D:4)
  12 endoplasms
  4 giant cockroaches
  5 goblins
  7 hobgoblins
  11 jackals
  A quokka (D:2)
  8 ball pythons
  2 bats
  4 frilled lizards
  8 kobolds
  5 rats
91 creatures vanquished.

Vanquished Creatures (others)
  A demonic plant (D:2)
1 creature vanquished.

Grand Total: 92 creatures vanquished

Notes
Turn   | Place    | Note
-------+----------+-------------------------------------------
     0 | D:1      | Parcival the Minotaur Fighter began the quest for the Orb.
     0 | D:1      | Reached XP level 1. HP: 19/19 MP: 0/0
   330 | D:1      | Reached XP level 2. HP: 27/27 MP: 1/1
  1064 | D:2      | Reached XP level 3. HP: 31/33 MP: 2/2
  1140 | D:2      | Reached skill level 1 in Axes
  1382 | D:2      | Reached XP level 4. HP: 40/40 MP: 3/3
  1766 | D:2      | Found a faded altar of an unknown god.
  2363 | D:3      | Found a runed translucent door.
  2374 | D:3      | Noticed lunkers's ghost (amateur MeFE)
  2387 | D:3      | Killed lunkers's ghost
  2388 | D:3      | Reached skill level 5 in Armour
  2388 | D:3      | Reached XP level 5. HP: 43/47 MP: 4/4
  2388 | D:3      | Reached XP level 6. HP: 48/53 MP: 5/5
  2825 | D:3      | Noticed Ijyb
  2826 | D:3      | Noticed Natasha
  2839 | D:3      | Killed Natasha
  2840 | D:3      | Reached skill level 5 in Axes
  2843 | D:3      | Killed Ijyb
  3081 | D:3      | Noticed Natasha
  3089 | D:3      | Killed Natasha
  3212 | D:3      | Noticed Natasha
  3215 | D:3      | Killed Natasha
  3483 | D:4      | Reached XP level 7. HP: 60/60 MP: 6/6
  3535 | D:4      | Reached skill level 5 in Fighting
  3569 | D:4      | Found a white marble altar of Elyvilon.
  3736 | D:4      | Found a staircase to the Ecumenical Temple.
  3910 | D:4      | Identified a scroll of acquirement
  3910 | D:4      | Acquired a ring of willpower
  4015 | Temple   | Entered the Ecumenical Temple
  4223 | D:5      | Entered Level 5 of the Dungeon
  4223 | D:5      | Found a broken altar of Ashenzari.
  4228 | D:5      | Reached skill level 5 in Shields
  4291 | D:5      | Quit the game

Illustrated notes

Levels and vault maps discovered:
D:1:      dpeg_arrival_brainrot, layout_basic, hangedman_decor_growths,
          minmay_misc_feat_rugged, nicolae_titane
D:2:      minmay_recursive_quarters, layout_basic,
          dreamdust_ecumenical_altar_sealed_demon, serial_glass,
          glass_columns_c, glass_columns_a, hex_tiny
D:3:      layout_basic, ebering_ghost_reflecting_pool,
          minmay_misc_feat_four_crosses, uniq_ijyb, uniq_natasha
D:4:      layout_loops_ring, mainiacjoe_overflow_boulevard,
          minmay_temple_entry_stoned_glass
D:5:      minmay_octagon_keep, layout_rooms, lemuel_doored_altar,
          fiery_altar_vehumet, overflow_temple_1_default,
          mainiacjoe_overflow_24_doors, grunt_temple_overflow_champion_of_chaos,
          kennysheep_generic_room_9
Temple:   nicolae_temple_bog_church

Skill      XL: |  1  2  3  4  5  6  7 |
---------------+----------------------+-----
Armour         | 4 5 6 |  6.0
Shields        | 4 5 |  5.0
Fighting       | 4 5 |  5.1
Axes           | 2 4 6 |  6.6
Polearms       | 3 |  3.0
Dodging        | |  0.2
Stealth        | |  0.2

Action                     |  1- 3 |  4- 6 |  7- 9 || total
---------------------------+-------+-------+-------++-------
  Melee: Trident           |    44 |       |       ||    44
         Headbutt          |     7 |    12 |     3 ||    22
         Broad axe         |    40 |    90 |    26 ||   156
    Use: Scroll            |     1 |       |     9 ||    10
         Potion            |       |     1 |       ||     1
 Armour: Plate armour      |    66 |    61 |    13 ||   140
         Scale mail        |     7 |       |       ||     7
  Dodge: Dodged            |    38 |    42 |     4 ||    84
  Block: Buckler           |    24 |    24 |       ||    48
         Kite shield       |       |    11 |    15 ||    26

Table legend: (Time is in decaauts)
 A = Elapsed time spent in this place.
 B = Non-inter-level travel time spent in this place.
 C = Inter-level travel time spent in this place.
 D = Time resting spent in this place.
 E = Time spent auto-exploring this place.
 F = Levels seen in this place.
 G = Mean time per level.
                   A        B        C        D        E       F      G
               +--------+--------+--------+--------+--------+-----+--------+
         Total |   4382 |   4111 |    271 |    100 |   3174 |   6 |  730.3 |
       Dungeon |   4173 |   3907 |    266 |    100 |   2993 |   5 |  834.6 |
        Temple |    209 |    204 |      5 |      0 |    181 |   1 |  209.0 |
               +--------+--------+--------+--------+--------+-----+--------+

Top non-repeatable levels by time:
     D:2: 1227 daAuts
     D:3: 1070 daAuts
     D:1: 996 daAuts
     D:4: 809 daAuts
  Temple: 209 daAuts
     D:5: 69 daAuts
